 Dungeon Crawl Stone Soup version 0.19-a0-1239-gbb8a913 (webtiles) character file.

18 Elitist the Grave Robber (level 2, 0/27 HPs)
             Began as a Troll Necromancer on Aug 27, 2016.
             Killed from afar by a dart slug (2 damage)
             ... with a slug dart
             ... on level 2 of the Dungeon.
             The game lasted 00:02:30 (961 turns).

Elitist the Grave Robber (Troll Necromancer)         Turns: 961, Time: 00:02:30

Health: 0/27       AC:  4    Str: 15    XL:     2   Next: 48%
Magic:  3/3        EV: 10    Int: 11    God:
Gold:   23         SH:  0    Dex: 10    Spells: 2 memorised, 1 level left

rFire  . . .     SeeInvis .       - Unarmed
rCold  . . .     Gourm    +     a - +0 robe
rNeg   . . .     Faith    .     (no shield)
rPois  .         Spirit   .     (helmet restricted)
rElec  .         Dismiss  .     (no cloak)
rCorr  .         Reflect  .     (gloves unavailable)
MR     .....     Harm     .     (boots unavailable)
Stlth  +.........               h - amulet of inaccuracy (curse)
                                (no ring)
                                (no ring)

@: no status effects
A: unfitting armour, claws 3, deformed body, fast metabolism 3, gourmand,
regeneration 1, shaggy fur 1, tough skin 2
a: no special abilities


You were on level 2 of the Dungeon.
You were not hungry.

You visited 1 branch of the dungeon, and saw 2 of its levels.

You collected 23 gold pieces.

Inventory:

Armour
 a - a +0 robe (worn)
Jewellery
 e - an uncursed amulet of dismissal
 h - a cursed amulet of inaccuracy (around neck)
Scrolls
 d - a scroll of enchant armour {unknown}
 g - a scroll of magic mapping {unknown}
 l - a scroll of identify
Potions
 f - a potion of heal wounds
Books
 b - a book of Necromancy

   Spells                             Type                      Level
   a - Pain                           Necromancy                   1
   b - Animate Skeleton               Necromancy                   1
   c - Vampiric Draining              Necromancy                   3
   d - Regeneration                   Charms/Necromancy            3
   e - Animate Dead                   Necromancy                   4
   f - Control Undead                 Necromancy                   4
Comestibles
 c - 3 bread rations
 i - a slice of pizza


   Skills:
 + Level 1.0 Fighting
 - Level 1.5 Dodging
 - Level 1.1 Stealth
 * Level 1.3 Unarmed Combat
 + Level 1.3 Spellcasting
 - Level 3.2 Necromancy


You had one spell level left.
You knew the following spells:

 Your Spells              Type           Power        Failure   Level  Hunger
a - Pain                  Necr           #...         10%         1    ##.....
z - Animate Skeleton      Necr           N/A          10%         1    ##.....


Dungeon Overview and Level Annotations

Branches:
Dungeon (2/15)

Altars:


Innate Abilities, Weirdness & Mutations

You are too large for most types of armour.
You have claws for hands.
Your metabolism is lightning-fast.
You like to eat raw meat.
Your natural rate of healing is unusually fast.
You are covered in fur. (AC +1)
You have very tough skin. (AC +2)
Armour fits poorly on your strangely shaped body.


Message History

The slug dart hits you! The giant newt bites you.
The dart slug launches a dart at you. The slug dart hits you!
* * * LOW HITPOINT WARNING * * *
The giant newt closely misses you. The giant newt barely misses you.
The dart slug bites you.
* * * LOW HITPOINT WARNING * * *
The giant newt bites you but does no damage.
The dart slug bites you.
* * * LOW HITPOINT WARNING * * *
The giant newt barely misses you. The giant newt barely misses you.
The dart slug launches a dart at you. The slug dart hits you!
* * * LOW HITPOINT WARNING * * *
The giant newt barely misses you. The dart slug launches a dart at you.
The slug dart hits you!
You die...

..... #...#
#..
###...###
#.#
#...)...#
#.#
#......$#
#.# .......
#.# #.l.#
#.# #.@.#
#.# ##w##
#.######.###
#..........#
######.###.#
#.# ... #.#
w.. #.> ####
###


You could see a dart slug and a giant newt.

Vanquished Creatures
  A giant gecko (D:1)
  2 bats (D:1)
  3 goblins (D:1)
  A hobgoblin (D:1)
  2 kobolds (D:1)
  2 giant newts (D:1)
  3 rats (D:1)
14 creatures vanquished.

Vanquished Creatures (collateral kills)
  A dart slug (D:1)
  A giant newt (D:1)
2 creatures vanquished.

Grand Total: 16 creatures vanquished

Notes
Turn   | Place    | Note
-------+----------+-------------------------------------------
     0 | D:1      | Elitist the Troll Necromancer began the quest for the Orb.
     0 | D:1      | Reached XP level 1. HP: 16/16 MP: 1/1
     3 | D:1      | Learned a level 1 spell: Animate Skeleton
   255 | D:1      | Reached skill level 1 in Unarmed Combat
   409 | D:1      | Reached XP level 2. HP: 26/26 MP: 2/2
   482 | D:1      | Reached skill level 1 in Fighting
   483 | D:1      | Gained mutation: Armour fits poorly on your strangely shaped body. [potion of mutation]
   483 | D:1      | Gained mutation: Your mind is acute. (Int +2) [potion of mutation]
   483 | D:1      | Lost mutation: Your mind is acute. (Int +2) [potion of mutation]
   960 | D:2      | HP: 1/27 [dart slug/slug dart (5)]
   961 | D:2      | Killed from afar by a dart slug

Vault maps used:
D:1:      minmay_arrival_hallway
D:2:      kennysheep_slug_shrine

Skill      XL: |  1  2 |
---------------+-------+-----
Unarmed Combat | 1 |  1.3
Fighting       | 1 |  1.0
Dodging        | |  1.5
Stealth        | |  1.1
Spellcasting   | |  1.3
Necromancy     | |  3.2

Action                   || total
-------------------------++-------
Melee: Unarmed           ||    43
 Cast: Animate Skeleton  ||     7
  Use: Potion            ||     4
       Scroll            ||     1
 Stab: Sleeping          ||     1
  Eat: Chunk             ||     8
Armor: Robe              ||    56
Dodge: Dodged            ||   100
